 Dungeon Crawl Stone Soup version 0.17-b1-15-g0f5fb43 (webtiles) character file.

451 Eucla the Chopper (level 7, -1/62 HPs)
             Began as a Hill Orc Berserker on Nov 8, 2015.
             Was a Priest of Trog.
             Killed from afar by a deep elf fighter (15 damage)
             ... with a puff of flame
             ... on level 5 of the Dungeon.
             The game lasted 00:05:39 (3570 turns).

Eucla the Chopper (Hill Orc Berserker)              Turns: 3570, Time: 00:05:39

Health: -1/62      AC:  9    Str: 17 (20) XL:     7   Next: 4%
Magic:  7/7        EV:  8    Int:  7      God:    Trog [***...]
Gold:   2          SH:  0    Dex: 12      Spells: 0 memorised, 6 levels left

rFire  . . .     SeeInvis .     z - +0 hand axe (vamp)
rCold  . . .     Clarity  .     w - +0 chain mail
rNeg   . . .     SustAt   .     (no shield)
rPois  .         Gourm    .     (no helmet)
rElec  .         Spirit   .     (no cloak)
rCorr  +         Warding  .     (no gloves)
rMut   .         Stasis   .     (no boots)
MR     ++...                    l - amulet of resist corrosion
Stlth  ..........               s - ring of loudness (curse)
                                n - ring of stealth

@: exhausted, regenerating, drained, very resistant to hostile enchantments,
extremely unstealthy
A: no striking features
a: Berserk, Trog's Hand, Burn Spellbooks, Renounce Religion


You were on level 5 of the Dungeon.
You worshipped Trog.
Trog was most pleased with you.
You were near starving.

You visited 1 branch of the dungeon, and saw 5 of its levels.

You collected 211 gold pieces.
You spent 209 gold pieces at shops.

Inventory:

Hand Weapons
 a - a +0 hand axe
 v - a +0 hand axe of chopping
 z - a +0 vampiric hand axe (weapon)
Armour
 b - a +0 animal skin
 j - a +0 ring mail
 w - a +0 chain mail (worn)
Jewellery
 d - an uncursed amulet of resist mutation
 l - an amulet of resist corrosion (around neck)
 n - a ring of stealth (left hand)
 s - a cursed ring of loudness (right hand)
 y - an uncursed ring of flight {unknown}
 B - an uncursed ring of protection from fire {unknown}
Scrolls
 e - 6 scrolls of remove curse {unknown}
 g - a scroll of magic mapping {unknown}
 h - 2 scrolls of fear
 i - 4 scrolls of teleportation
 k - 3 scrolls of enchant weapon {unknown}
 m - 5 scrolls of identify {unknown}
 o - 2 scrolls of enchant armour {unknown}
 t - a scroll of immolation {unknown}
 x - a scroll of recharging {unknown}
 A - 2 scrolls of blinking
Potions
 f - a potion of curing
 p - a potion of degeneration
 q - a potion of flight {unknown}
 u - a potion of lignification {unknown}
 C - a potion of ambrosia {unknown}
 D - a potion of brilliance {unknown}
 E - a potion of invisibility {unknown}
 F - a potion of resistance {unknown}
Comestibles
 c - 3 bread rations
 r - a meat ration


   Skills:
 + Level 5.7(5.5) Fighting
 + Level 5.9(5.7) Axes
 + Level 4.4(4.2) Armour
 + Level 3.2(3.1) Dodging


You had 6 spell levels left.
You didn't know any spells.

Dungeon Overview and Level Annotations

Branches:
Dungeon (5/15)             Temple (0/1) D:5

Altars:
Ashenzari
Makhleb
Sif Muna

Shops:
D:5 ?

Annotations:
D:5 Blork the orc


Message History

Unknown command.
Drink which item? (? for menu, Esc to quit)
It was a potion of curing.
You feel better.
You feel yourself speed up. The deep elf fighter barely misses you.
The deep elf fighter closely misses you.
Drink which item? (? for menu, Esc to quit)
It was a potion of degeneration.
There was something very wrong with that liquid.
You feel weakened.
The deep elf fighter hits you with a rapier!
* * * LOW HITPOINT WARNING * * *
Unknown command.
You don't know any spells.
Your skin crawls.
You feel resistant to hostile enchantments.
You feel slightly more hungry. The deep elf fighter barely misses you.
The deep elf fighter points at you and mumbles some strange words.
The puff of flame hits you!
You die...

...... #######
#......
.......#####..#.....
....... ............
.......###...# #.#
.......{o.OS####..#
.......####e##...#
#. ....... #..#...#
###..# .......
##@....##.....#
.......
###..).#.......
.......
#......#.......
..###..
##.##......"...#
..#^#..
...##......#....
#.#.............#
...........∩....## .
.........#####...
.......##<#


You could see a deep elf fighter, an ogre and an adder.

Vanquished Creatures
  An orc warrior (D:5)
  The ghost of tijit the Grasshopper, an amateur DrWz (D:4)
  A wight (D:5)
  2 orc priests
  A hound (D:4)
  4 adders
  An ooze (D:2)
  An adder skeleton (D:4)
  3 worms (D:2)
  A giant gecko (D:4)
  14 orcs
  3 giant cockroaches (D:1)
  8 goblins
  11 hobgoblins
  8 jackals
  3 quokkas
  A ball python (D:4)
  9 bats
  5 giant newts
  7 kobolds
  8 rats
  A butterfly (D:5)
94 creatures vanquished.

Notes
Turn   | Place    | Note
--------------------------------------------------------------
     0 | D:1      | Eucla the Hill Orc Berserker began the quest for the Orb.
     0 | D:1      | Reached XP level 1. HP: 19/19 MP: 1/1
   144 | D:1      | Reached XP level 2. HP: 18/27 MP: 2/2
   399 | D:1      | Reached ** piety under Trog
   404 | D:1      | Reached XP level 3. HP: 28/33 MP: 3/3
  1460 | D:2      | Reached XP level 4. HP: 41/41 MP: 4/4
  1464 | D:2      | Found a burning altar of Makhleb.
  1656 | D:2      | Found a deep blue altar of Sif Muna.
  2289 | D:3      | Reached XP level 5. HP: 30/47 MP: 5/5
  2890 | D:4      | Found a shattered altar of Ashenzari.
  2976 | D:4      | Noticed tijit's ghost (amateur DrWz)
  2984 | D:4      | Killed tijit's ghost
  2984 | D:4      | Reached skill level 5 in Fighting
  2984 | D:4      | Reached skill level 5 in Axes
  2984 | D:4      | Reached XP level 6. HP: 56/56 MP: 6/6
  3170 | D:4      | Reached *** piety under Trog
  3430 | D:5      | Entered Level 5 of the Dungeon
  3472 | D:5      | Found a staircase to the Ecumenical Temple.
  3503 | D:5      | Found Aquozet's Magic Scroll Shop.
  3512 | D:5      | Bought a scroll of blinking for 112 gold pieces
  3512 | D:5      | Bought a scroll of fear for 52 gold pieces
  3512 | D:5      | Bought a scroll of teleportation for 45 gold pieces
  3539 | D:5      | Noticed a deep elf fighter
  3548 | D:5      | Reached XP level 7. HP: 54/62 MP: 7/7
  3553 | D:5      | Noticed Blork the orc
  3570 | D:5      | Killed from afar by a deep elf fighter

Action                   |  1- 3 |  4- 6 |  7- 9 || total
-------------------------+-------+-------+-------++-------
Melee: Hand axe          |   149 |   185 |    14 ||   348
Invok: Trog's Hand       |     1 |     1 |     1 ||     3
       Berserk           |       |     3 |       ||     3
  Use: Potion            |       |       |     2 ||     2
 Stab: Sleeping          |     1 |     2 |       ||     3
  Eat: Chunk             |     2 |     4 |       ||     6
       Beef jerky        |       |     2 |       ||     2
       Royal jelly       |       |     3 |       ||     3
